 Dungeon Crawl Stone Soup version 0.27-a0-409-gd57800a693 (webtiles) character file.

Game seed: 15464419988672870761

7 CurlyBrace the Caller (level 1, 0/8 HPs)
             Began as a Felid Summoner on Feb 22, 2021.
             Slain by a jackal (1 damage)
             ... on level 2 of the Dungeon on Feb 23, 2021.
             The game lasted 00:03:21 (143 turns).

CurlyBrace the Caller (Felid Summoner)               Turns: 143, Time: 00:03:23

Health: 0/8        AC:  1    Str: 10    XL:     1   Next: 83%
Magic:  4/4        EV: 18    Int: 16    God:
Gold:   12         SH:  0    Dex: 16    Spells: 3/4 levels left
                                        Lives:  0   Deaths: 0

rFire    . . .     SeeInvis +   (weapon unavailable)
rCold    . . .     Faith    .   (shield unavailable)
rNeg     . . .     Spirit   .   (armour unavailable)
rPois    .         Reflect  .   (helmet unavailable)
rElec    .         Harm     .   (cloak unavailable)
rCorr    .         Rampage  .   (gloves unavailable)
Will     .....                  (boots unavailable)
Stlth    +++.......             (no amulet)
HPRegen  0.02/turn              a - +6 ring of strength
MPRegen  0.09/turn              (no ring)

@: quick
A: very small, no armour, no weapons or thrown items, stealth, claws 1, fangs 3,
see invisible, speed 1, shaggy fur 1, sharp paws
a: no special abilities


You were on level 2 of the Dungeon.
You visited 1 branch of the dungeon, and saw 2 of its levels.

You collected 12 gold pieces.

Inventory:

Jewellery
 a - a +6 ring of strength (left paw)
   (You found it on level 1 of the Dungeon)


   Skills:
 * Level 0.6 Fighting
 + Level 2.8 Dodging
 + Level 2.9 Stealth
 * Level 0.7 Unarmed Combat
 - Level 2.0 Spellcasting
 - Level 4.0 Summonings


You had 3 spell levels left.
You knew the following spells:

 Your Spells              Type           Power        Failure   Level
a - Summon Small Mammal   Summ           56%          4%          1

Your spell library contained the following spells:

 Spells                   Type           Power        Failure   Level
 Call Imp                 Summ           14%          6%          2
 Call Canine Familiar     Summ           14%          12%         3
 Summon Guardian Golem    Hex/Summ       8%           26%         3
 Summon Ice Beast         Ice/Summ       8%           65%         4
 Summon Lightning Spire   Summ/Air       8%           65%         4


Dungeon Overview and Level Annotations

Branches:
Dungeon (2/15)

Altars:

Annotations:
D:2 exclusions: adder and worm


Innate Abilities, Weirdness & Mutations

You cannot wear armour.
You are incapable of wielding weapons or throwing items.
Your paws allow you to move quietly. (Stealth)
You have sharp claws.
You have razor-sharp teeth.
You have supernaturally acute eyesight. (SInv)
You cover ground quickly.
You are covered in fur. (AC +1)
Your sharp claws are effective at attacking unaware monsters.


Message History

You scratch the rat.
You kill the rat!
You see here a scroll labelled PEORPH FEAW.
b - a scroll labelled PEORPH FEAW An adder and a worm come into view.
Found a cloak.
Found a stone staircase leading down.
Press: ? - help, v - describe, . - travel
Here: an adder (asleep)
The floor.
Placed new exclusion.
Really walk into a travel-excluded area? 2 jackals come into view.
Okay, then.
You aren't carrying any potions.
The jackal barks!
Really walk into a travel-excluded area?
A jackal comes into view. 2 jackals come into view.
The jackal closely misses you.
You scratch the jackal but do no damage.
The jackal completely misses you. The jackal barely misses you.
The jackal barks!
The jackal closely misses you.
The jackal barks!
You closely miss the jackal. The jackal bites you.
The jackal completely misses you. The jackal bites you.
* * * LOW HITPOINT WARNING * * *
Unknown command.
As you read the scroll labelled PEORPH FEAW, it crumbles to dust.
It is a scroll of identify.
You don't have any unidentified items.
The jackal completely misses you. x2; The jackal misses you.
The jackal barely misses you.
You scratch the jackal. Your bite misses the jackal.
The jackal is moderately wounded.
The jackal completely misses you. The jackal closely misses you.
The jackal bites you.
* * * LOW HITPOINT WARNING * * *
The jackal bites you.
You die...

#.#<...#
#.#.######
#.#.#
#.#.####
#.#....#
#.####h#
#h# #.#
#h# #.#
#@####.#
#hh....#
########


You could see 4 jackals.

Vanquished Creatures
  A ball python (D:1)
  A goblin (D:1)
  2 hobgoblins (D:1)
  A kobold (D:1)
  A rat (D:2)
6 creatures vanquished.

Notes
Turn   | Place    | Note
-------+----------+-------------------------------------------
     0 | D:1      | CurlyBrace the Felid Summoner began the quest for the Orb.
     0 | D:1      | Reached XP level 1. HP: 7/7 MP: 4/4
     3 | D:1      | Upgraded the game from 0.27-a0-404-g4390dbc5be to
                  | 0.27-a0-409-gd57800a693
   143 | D:2      | Slain by a jackal

Illustrated notes

Levels and vault maps discovered:
D:1:      tarquinn_simple_flora_water_e, layout_loops_ring,
          minmay_misc_feat_enclosed
D:2:      layout_basic, trog_three_pillars_becter

Action                   || total
-------------------------++-------
Melee: Unarmed           ||    17
       Bite              ||     3
  Use: Scroll            ||     1
 Stab: Sleeping          ||     2
Armor: Skin              ||     1
Dodge: Dodged            ||    16

Table legend: (Time is in decaauts)
 A = Elapsed time spent in this place.
 B = Non-inter-level travel time spent in this place.
 C = Inter-level travel time spent in this place.
 D = Time resting spent in this place.
 E = Time spent auto-exploring this place.
 F = Levels seen in this place.
 G = Mean time per level.
                   A        B        C        D        E       F      G
               +--------+--------+--------+--------+--------+-----+--------+
         Total |    118 |    118 |      0 |      0 |      0 |   2 |   59.0 |
       Dungeon |    118 |    118 |      0 |      0 |      0 |   2 |   59.0 |
               +--------+--------+--------+--------+--------+-----+--------+

Top non-repeatable levels by time:
     D:1: 69 daAuts
     D:2: 48 daAuts
